 Dungeon Crawl Stone Soup version 0.18.1-48-g4cf74bf (webtiles) character file.

41 schammes the Skirmisher (level 3, -5/24 HPs)
             Began as a Gargoyle Fighter on July 29, 2016.
             Slain by Lovyegh the merfolk
             ... wielding a +3 trident of piercing
             ... created by the player character
              (16 damage)
             ... on level 2 of the Dungeon.
             The game lasted 00:01:43 (759 turns).

schammes the Skirmisher (Gargoyle Fighter)           Turns: 759, Time: 00:01:45

Health: -5/24      AC: 10    Str: 20    XL:     3   Next: 52%
Magic:  3/3        EV:  7    Int:  8    God:
Gold:   74         SH:  9    Dex:  9    Spells: 0 memorised, 2 levels left

rFire  . . .     SeeInvis .     a - +0 war axe
rCold  . . .     Gourm    .     b - +0 scale mail
rNeg   + . .     Faith    .     c - +0 shield
rPois  ∞         Spirit   .     (no helmet)
rElec  +         Dismiss  .     (no cloak)
rCorr  .         Reflect  .     (no gloves)
SustAt .         Harm     .     (no boots)
MR     .....                    (no amulet)
Stlth  ..........               (no ring)
                                (no ring)

@: not resistant to hostile enchantments, extremely unstealthy
A: negative energy resistance 1, electricity resistance, unbreathing,
petrification resistance, rot immunity, AC +3
a: no special abilities


You were on level 2 of the Dungeon.
You were not hungry.

You visited 1 branch of the dungeon, and saw 2 of its levels.

You collected 74 gold pieces.

Inventory:

Hand Weapons
 a - a +0 war axe (weapon)
Armour
 b - a +0 scale mail (worn)
 c - a +0 shield (worn)
Scrolls
 e - 2 scrolls of identify {unknown}
 j - 2 scrolls of remove curse {unknown}
 k - a scroll of teleportation {unknown}
Potions
 d - a potion of might
 h - a potion of curing {unknown}
 i - 2 potions of brilliance {unknown}
Miscellaneous
 l - a plain deck of changes {drawn: 1}
Comestibles
 f - a bread ration
 g - 4 fruits


   Skills:
 + Level 3.8 Fighting
 + Level 2.2 Axes
 + Level 3.8 Armour
 + Level 3.5 Shields


You had 2 spell levels left.
You didn't know any spells.

Dungeon Overview and Level Annotations

Branches:
Dungeon (2/15)

Altars:
Nemelex Xobeh


Innate Abilities, Weirdness & Mutations

You are resistant to torment.
Your stone body is resilient (AC +3).
You are immune to poison.
You resist negative energy.
You are resistant to electric shocks.
You can survive without breathing.
You are immune to petrification.
You are immune to rotting.


Message History

No target in view!
No target in view!
No target in view!
No target in view!
No target in view!
No target in view!
An adder comes into view.
An adder is nearby!
You draw a card...
It is the Mercenary.
You cannot afford Lovyegh's fee of 313 gold!
Lovyegh attacks!
Lovyegh the merfolk comes into view. It is wielding a trident of piercing.
A rat comes into view.
Found a hunting sling.
You block the adder's attack.
You miss the adder. The adder barely misses you.
The adder bites you but does no damage.
Lovyegh hits you from afar with a trident of piercing!
Ouch! That really hurt!
You die...

##. #.# ...# #.## ###
.... ... ..# #..
#.###.##
####..###......#
.......?.......# .
............#..# .#
...r...@.m..#..# ...
........S..†#..#.....#
.)...................
.....................
......######.#.#.##..
...... #.#.# ##.#
.##.#. #.#.#.##.####
..#. #...#........ #.
##.#.####.####


You could see Lovyegh the merfolk, an adder and a rat.

Vanquished Creatures
  An adder (D:2)
  An ooze (D:1)
  A worm (D:2)
  2 dart slugs (D:1)
  A ball python (D:2)
  A bat (D:1)
  A goblin (D:1)
  3 hobgoblins (D:1)
  4 jackals (D:2)
  A kobold (D:1)
  A giant newt (D:1)
  3 rats (D:1)
20 creatures vanquished.

Notes
Turn   | Place    | Note
--------------------------------------------------------------
     0 | D:1      | schammes the Gargoyle Fighter began the quest for the Orb.
     0 | D:1      | Reached XP level 1. HP: 14/14 MP: 1/1
   219 | D:1      | Reached XP level 2. HP: 18/19 MP: 2/2
   573 | D:1      | Found a sparkling altar of Nemelex Xobeh.
   706 | D:2      | Reached XP level 3. HP: 16/24 MP: 3/3
   756 | D:2      | Noticed Lovyegh
   759 | D:2      | Slain by Lovyegh the merfolk

Skill      XL: |  1  2 |
---------------+-------+-----
Axes           | 2 |  2.2
Fighting       | |  3.8
Armour         | |  3.8
Shields        | |  3.5

Action                   || total
-------------------------++-------
Melee: War axe           ||    61
Evoke: Deck              ||     1
Armor: Scale mail        ||    34
Dodge: Dodged            ||    22
Block: Shield            ||    36
